 Dungeon Crawl Stone Soup version 0.19-a0-54-g5421d7e (webtiles) character file.

109461 Kenran the Executioner (level 16, -7/149 HPs)
             Began as a Minotaur Berserker on May 6, 2016.
             Was the Champion of Trog.
             Mangled by a water elemental (12 damage)
             ... on level 2 of the Shoals on May 8, 2016.
             The game lasted 01:40:32 (33118 turns).

Kenran the Executioner (Minotaur Berserker)        Turns: 33118, Time: 01:40:33

Health: -7/149     AC: 35    Str: 24    XL:     16   Next: 4%
Magic:  5/5        EV:  9    Int:  4    God:    Trog [******]
Gold:   619        SH:  0    Dex: 18    Spells: 0 memorised, 15 levels left

rFire  + . .     SeeInvis .     g - +4 executioner's axe (antimagic)
rCold  + . .     Gourm    .     I - +3 plate armour {MR+}
rNeg   . . .     Faith    .     (shield currently unavailable)
rPois  .         Spirit   .     y - +1 hat
rElec  +         Dismiss  .     a - +2 cloak of the Known World {*Drain rElec rC+}
rCorr  .         Reflect  .     k - +1 pair of gloves {Dex+3}
SustAt .         Harm     .     p - +0 pair of boots
MR     ++...     Rnd*Tele +     (no amulet)
Stlth  ..........               Z - +5 ring of protection
                                v - ring of protection from fire

@: confused, exhausted, engulfed (cannot breathe), slowed, studying Armour, very
slow, very resistant to hostile enchantments, extremely unstealthy
A: retaliatory headbutt, horns 2, teleportitis 1
a: Berserk, Trog's Hand, Brothers in Arms, Burn Spellbooks, Renounce Religion


You were on level 2 of the Shoals.
You worshipped Trog.
Trog was exalted by your worship.
You were not hungry.

You visited 4 branches of the dungeon, and saw 23 of its levels.
You also visited: Ossuary and Ice Cave.

You collected 2279 gold pieces.
You spent 1660 gold pieces at shops.

Inventory:

Hand Weapons
 e - a +2 mace of crushing
 g - a +4 antimagic executioner's axe (weapon)
Armour
 a - the +2 cloak of the Known World (worn) {*Drain rElec rC+}
   (You acquired it on level 2 of the Orcish Mines)

   It protects you from cold.
   It insulates you from electricity.
   It causes draining when unequipped.
 b - a +1 cloak of magic resistance
 k - a +1 pair of gloves of dexterity (worn)
 p - a +0 pair of boots (worn)
 y - a +1 hat (worn)
 I - a +3 plate armour of magic resistance (worn)
Jewellery
 t - the ring of Ziuvyi {Int+4 Dex+5}
   (You found it on level 11 of the Dungeon)

   [ring of dexterity]

   It affects your intelligence (+4).
   It affects your dexterity (+5).
 v - a ring of protection from fire (left hand)
 D - a cursed -3 ring of strength {unknown}
 Z - a +5 ring of protection (right hand)
Wands
 n - a wand of digging (6/24)
 u - a wand of slowing (12/48)
Scrolls
 o - 2 scrolls of teleportation
 s - 6 scrolls of identify
 w - 4 scrolls of magic mapping
 z - 2 scrolls of blinking
 B - 3 scrolls of enchant weapon
 E - 2 scrolls of enchant armour
 F - a scroll of summoning
 G - 8 scrolls of remove curse
 J - a scroll of holy word
 K - a scroll of fear
 L - a scroll of recharging
 O - a scroll of silence
 U - a scroll of brand weapon
Potions
 d - a potion of ambrosia
 f - 5 potions of flight
 m - 3 potions of brilliance
 q - 2 potions of cure mutation
 r - 4 potions of agility
 x - 3 potions of lignification
 A - a potion of resistance
 H - 5 potions of haste
 M - a potion of mutation {unknown}
Books
 C - a manual of Armour
Miscellaneous
 S - a disc of storms
Comestibles
 c - 13 bread rations
 h - 3 beef jerkies
 i - 19 fruits
 j - 4 chunks of flesh
 P - 3 slices of pizza
 V - a meat ration


   Skills:
 - Level 15.0 Fighting
 + Level 23.2 Axes
 - Level 17.0 Armour
 - Level 2.1 Dodging


You had 15 spell levels left.
You didn't know any spells.

Dungeon Overview and Level Annotations

Branches:
Dungeon (11/15)            Temple (0/1) D:6            Lair (8/8) D:11
 Shoals (2/4) Lair:4        Snake (0/4) Lair:5        Slime (0/6) Lair:7
    Orc (2/2) D:10            Elf (0/3) Orc:2

Altars:
Ashenzari
Elyvilon
Fedhas
Gozag
Kikubaaqudgha
Makhleb
Nemelex Xobeh
Okawaru
Qazlal
Ru
Vehumet
Xom
Yredelemnul
The Shining One

Shops:
D:4 }   D:8 [   D:10 }   Orc:2 %*??

Portals:
Hell: Lair:8


Innate Abilities, Weirdness & Mutations

You reflexively headbutt those who attack you in melee.
You have a pair of horns on your head.
You are occasionally teleported next to monsters.


Message History

The water elemental closely misses you. You furiously retaliate!
You headbutt the water elemental!
The merfolk aquamancer gestures at you while chanting.
The ball of steam hits you! You resist.
* * * LOW HITPOINT WARNING * * *
The water elemental hits you.
The water elemental engulfs you in water!
The water elemental barely misses you. You furiously retaliate!
You headbutt the water elemental.
Read which item? (? for menu, Esc to quit)
You cannot read scrolls while unable to breathe!
Drink which item? (? for menu, Esc to quit)
Okay, then.
Drink which item? (? for menu, Esc to quit)
You are confused.
You feel invigorated.
* * * LOW HITPOINT WARNING * * *
Your lungs strain for air!
The water elemental hits you!
You die...

#.≈≈≈≈≈≈≈≈≈≈PP≈≈≈≈
.≈≈≈≈≈≈≈≈E≈≈≈≈≈≈≈≈≈
.≈≈≈≈≈≈t≈≈P≈P≈≈≈≈≈≈
...≈≈≈≈≈)##.≈P≈≈≈≈≈
.#..≈≈≈$..##P≈P≈≈≈P
##.≈≈≈E###.≈≈PP≈≈P
..≈≈≈≈..##.≈≈..PP
.≈≈≈≈≈≈≈.mEE..###.
≈≈≈≈≈≈≈≈≈.E@..#
≈≈≈≈≈≈≈≈≈≈###..#
≈≈≈≈≈≈≈≈. ....
≈≈≈≈≈≈≈≈. ≈≈≈≈
≈≈≈≈≈≈≈ ≈≈≈ ≈≈≈≈≈≈≈
≈≈ ≈≈≈≈≈≈≈ ≈
≈≈≈≈≈≈≈


You could see a merfolk aquamancer and 4 water elementals.

Vanquished Creatures
  Louise (Shoals:2)
  Nessos (Lair:6)
  A dire elephant (Lair:8)
  A merfolk javelineer (Shoals:1)
  Snorg (D:10)
  A merfolk impaler (Lair:4)
  Josephine (Lair:7)
  Erolcha (D:9)
  8 hydras
  2 catoblepae
  2 merfolk avatars (Shoals:1)
  A merfolk aquamancer (Lair:4)
  12 death yaks
  3 orc high priests (Orc:2)
  2 fire crabs
  A sea snake (Shoals:1)
  Pikel (D:7)
  4 orc knights (Orc:2)
  3 hill giants
  A necromancer (IceCv)
  A wizard (Lair:8)
  3 fauns
  10 orc sorcerers
  5 griffons
  9 harpies (Shoals:2)
  An ugly thing (D:11)
  2 cyclopes
  3 manticores
  A sixfirhy (Lair:8)
  10 black mambas
  14 elephants
  A guardian serpent (Lair:5)
  3 sirens (Shoals:1)
  4 ice statues (IceCv)
  A smoke demon (Lair:8)
  A torpor snail (Lair:8)
  An orange demon (Lair:8)
  15 spiny frogs
  6 rime drakes
  14 komodo dragons
  12 ice devils
  4 red devils (Lair:8)
  A hellwing (Lair:8)
  4 trolls
  5 polar bears
  3 merfolk
  2 slime creatures (Lair:7)
  33 blink frogs
  3 snapping turtles (Shoals:2)
  Sigmund (D:2)
  3 wraiths (Lair:7)
  5 basilisks
  2 wyverns
  62 yaks
  3 hungry ghosts (D:10)
  12 hippogriffs
  Menkaure (D:7)
  Grum (D:8)
  The ghost of Potsanchik the Stinger, an amateur MfVM of Ashenzari (D:4)
  The ghost of Potsanchik the Stinger, an amateur MfVM (D:3)
  6 wargs
  17 water moccasins
  16 porcupines
  4 ice beasts
  22 orc warriors
  A slave (D:7)
  A black bear (D:9)
  3 sky beasts
  9 ogres
  A necrophage (D:8)
  5 phantoms
  17 wolves
  2 centaurs
  21 crocodiles
  2 big kobolds
  A gnoll sergeant (D:9)
  20 giant frogs
  A wyvern zombie (Ossuary)
  A wyvern skeleton (D:7)
  2 scorpions
  2 troll zombies (D:10)
  8 killer bees
  2 centaur zombies
  4 draconian simulacra (IceCv)
  7 crimson imps
  3 quasits
  2 giant frog zombies (D:7)
  2 gnoll shamans
  5 jellies
  22 orc priests
  Crazy Yiuf (D:3)
  A centaur skeleton (D:11)
  11 hounds
  10 iguanas
  30 orc wizards
  2 giant frog skeletons
  Jessica (D:2)
  Terence (D:2)
  4 worker ants
  5 hell rats (Lair:5)
  3 troll simulacra (IceCv)
  A spriggan simulacrum (IceCv)
  8 sheep
  A centaur simulacrum (IceCv)
  6 ogre zombies (D:10)
  A hound skeleton (D:4)
  4 mummies
  A worker ant zombie (D:8)
  6 gnolls
  13 adders
  A howler monkey skeleton (D:4)
  A naga simulacrum (IceCv)
  44 river rats
  5 shadow imps
  12 white imps (Lair:2)
  An ooze (D:4)
  An adder zombie (D:5)
  3 adder skeletons
  4 worms (D:2)
  3 dart slugs
  9 giant geckos
  87 orcs
  10 bats
  5 giant cockroaches
  14 goblins
  12 hobgoblins
  15 jackals
  15 kobolds
  3 quokkas
  2 ball pythons
  A giant gecko skeleton (D:6)
  5 giant newts
  A goblin skeleton (D:10)
  4 goblin zombies (D:10)
  A hobgoblin skeleton (D:10)
  4 hobgoblin zombies (D:10)
  A jackal skeleton (D:8)
  4 orc skeletons (D:10)
  13 orc zombies
  10 rats
  21 fungi
  9 plants
952 creatures vanquished.

Vanquished Creatures (others)
  A jelly (D:7)
  An orc wizard (Orc:1)
  34 fungi
  7 plants
43 creatures vanquished.

Grand Total: 995 creatures vanquished

Notes
Turn   | Place    | Note
--------------------------------------------------------------
     0 | D:1      | Kenran the Minotaur Berserker began the quest for the Orb.
     0 | D:1      | Reached XP level 1. HP: 19/19 MP: 0/0
    19 | D:1      | Reached skill level 4 in Axes
   133 | D:1      | Reached XP level 2. HP: 26/26 MP: 1/1
   591 | D:1      | Reached skill level 5 in Axes
   634 | D:1      | Reached XP level 3. HP: 30/31 MP: 2/2
   900 | D:2      | Reached ** piety under Trog
   919 | D:2      | Noticed Jessica
   926 | D:2      | Killed Jessica
   971 | D:2      | Reached XP level 4. HP: 37/39 MP: 3/3
   979 | D:2      | Reached skill level 6 in Axes
  1155 | D:2      | Noticed Terence
  1161 | D:2      | Killed Terence
  1326 | D:2      | Noticed Sigmund
  1334 | D:2      | Killed Sigmund
  1334 | D:2      | Reached skill level 8 in Axes
  1334 | D:2      | Reached XP level 5. HP: 41/45 MP: 4/4
  1339 | D:2      | Reached XP level 6. HP: 41/51 MP: 5/5
  1734 | D:2      | Upgraded the game from 0.19-a0-48-g9fa930a to 0.19-a0-53-ge6e6435
  2244 | D:3      | Found a faded altar to an unknown god.
  2248 | D:3      | Reached *** piety under Trog
  2357 | D:3      | Found a blossoming altar of Fedhas.
  2406 | D:3      | Noticed Potsanchik's ghost (amateur MfVM)
  2414 | D:3      | Killed Potsanchik's ghost
  2414 | D:3      | Reached skill level 9 in Axes
  2736 | D:3      | Found an opulent altar of Gozag.
  3121 | D:3      | Noticed Crazy Yiuf
  3127 | D:3      | Killed Crazy Yiuf
  3304 | D:4      | Reached XP level 7. HP: 57/57 MP: 6/6
  3380 | D:4      | Noticed Potsanchik's ghost (amateur MfVM)
  3394 | D:4      | Killed Potsanchik's ghost
  3394 | D:4      | Reached skill level 10 in Axes
  3489 | D:4      | Found Laofra's Gadget Shoppe.
  3525 | D:4      | Reached **** piety under Trog
  3531 | D:4      | Reached skill level 11 in Axes
  3834 | D:4      | Reached XP level 8. HP: 59/64 MP: 7/7
  4148 | D:5      | Entered Level 5 of the Dungeon
  4537 | D:5      | Reached skill level 12 in Axes
  4540 | D:5      | Found an ancient bone altar of Kikubaaqudgha.
  4648 | D:5      | Found a stormy altar of Qazlal.
  4715 | D:5      | Found a white marble altar of Elyvilon.
  4776 | D:5      | Reached skill level 5 in Fighting
  5296 | D:6      | Found a basalt altar of Yredelemnul.
  5551 | D:6      | Found a radiant altar of Vehumet.
  5551 | D:6      | Found a burning altar of Makhleb.
  5573 | D:6      | Found a staircase to the Ecumenical Temple.
  5695 | D:6      | Found a sand-covered staircase.
  5699 | Ossuary  | Entered an ossuary
  6314 | D:7      | Noticed Menkaure
  6321 | D:7      | Reached XP level 9. HP: 78/81 MP: 8/8
  6326 | D:7      | Killed Menkaure
  6878 | D:7      | Found a shimmering altar of Xom.
  6983 | D:7      | Reached ***** piety under Trog
  7088 | D:7      | Found a shimmering altar of Xom.
  7088 | D:7      | Found a shimmering altar of Xom.
  7089 | D:7      | Found a shimmering altar of Xom.
  7091 | D:7      | You fall through a shaft!
  7121 | D:8      | Reached skill level 13 in Axes
  7584 | D:7      | HP: 1/83 [orc warrior/halberd (18)]
  7589 | D:7      | HP: 3/83 [orc priest/divine providence (13)]
  8070 | D:7      | Noticed Pikel
  8081 | D:7      | Paralysed by Pikel for 5 turns
  8093 | D:7      | Killed Pikel
  8093 | D:7      | Reached skill level 14 in Axes
  8721 | D:8      | Upgraded the game from 0.19-a0-53-ge6e6435 to 0.19-a0-54-g5421d7e
  8893 | D:8      | Found Silempyo's Antique Armour Shoppe.
  8899 | D:8      | Noticed Grum
  8903 | D:8      | Reached XP level 10. HP: 91/91 MP: 9/9
  8919 | D:8      | Killed Grum
  9014 | D:8      | Found an iron altar of Okawaru.
  9022 | D:8      | Reached skill level 5 in Armour
  9060 | D:8      | Received a gift from Trog
  9196 | D:9      | Found a shattered altar of Ashenzari.
  9203 | D:9      | Found a sacrificial altar of Ru.
  9203 | D:9      | Found a sparkling altar of Nemelex Xobeh.
  9507 | D:9      | Noticed Erolcha
  9588 | D:9      | Killed Erolcha
  9912 | D:10     | Entered Level 10 of the Dungeon
  9981 | D:10     | Reached skill level 10 in Armour
 10202 | D:10     | Found a staircase to the Orcish Mines.
 10240 | D:10     | Noticed a hill giant
 10251 | D:9      | Killed a hill giant
 10251 | D:9      | Reached skill level 15 in Axes
 10750 | D:10     | Found Nene's Gadget Emporium.
 10794 | D:10     | Reached XP level 11. HP: 79/97 MP: 3/10
 10911 | D:10     | Paralysed by fainting for 8 turns
 11130 | D:10     | Noticed a catoblepas
 11140 | D:10     | Killed a catoblepas
 11140 | D:10     | Reached skill level 16 in Axes
 11430 | D:10     | Noticed Snorg
 11436 | D:10     | Killed Snorg
 11984 | Orc:1    | Entered Level 1 of the Orcish Mines
 12694 | Orc:2    | Entered Level 2 of the Orcish Mines
 12795 | Orc:2    | Reached skill level 17 in Axes
 12942 | Orc:2    | Reached ****** piety under Trog
 13260 | Orc:2    | Noticed an orc sorcerer
 13264 | Orc:2    | Killed an orc sorcerer
 13283 | Orc:2    | Found a staircase to the Elven Halls.
 13313 | Orc:2    | Noticed an orc sorcerer
 13322 | Orc:2    | Killed an orc sorcerer
 13322 | Orc:2    | Received a gift from Trog
 13431 | Orc:1    | Noticed an orc sorcerer
 13431 | Orc:1    | Noticed an orc sorcerer
 13659 | Orc:2    | Noticed an orc sorcerer
 13666 | Orc:2    | Killed an orc sorcerer
 13851 | Orc:2    | Noticed an orc sorcerer
 13854 | Orc:2    | Noticed an orc sorcerer
 13855 | Orc:2    | Noticed an orc high priest
 13855 | Orc:2    | Found Nibaica's Food Boutique.
 13865 | Orc:2    | Killed an orc sorcerer
 13865 | Orc:2    | Reached skill level 18 in Axes
 14123 | Orc:2    | Noticed an orc high priest
 14135 | Orc:2    | Killed an orc high priest
 14151 | Orc:2    | Killed an orc high priest
 14151 | Orc:2    | Reached XP level 12. HP: 65/104 MP: 3/11
 14476 | Orc:2    | Noticed an orc high priest
 14478 | Orc:2    | Found Haluhefo's Assorted Antiques.
 14480 | Orc:2    | Killed an orc high priest
 14487 | Orc:2    | HP: 1/104 [orc knight/halberd (14)]
 14649 | Orc:2    | Reached skill level 19 in Axes
 15412 | Orc:2    | Reached skill level 10 in Fighting
 15467 | Orc:2    | Received a gift from Trog
 15667 | Orc:2    | Found Xoikhlupo's Magic Scroll Shoppe.
 15674 | Orc:2    | Bought a scroll of remove curse for 45 gold pieces
 15674 | Orc:2    | Bought a scroll of acquirement for 780 gold pieces
 15674 | Orc:2    | Bought a scroll of enchant weapon for 112 gold pieces
 15674 | Orc:2    | Bought a scroll of enchant weapon for 112 gold pieces
 15674 | Orc:2    | Bought a scroll of identify for 30 gold pieces
 15674 | Orc:2    | Found Ytogiwul's Magic Scroll Shoppe.
 15698 | Orc:2    | Got a polished cloak
 15709 | Orc:2    | Identified the +2 cloak of the Known World {*Drain rElec rC+} (You acquired it on level 2 of the Orcish Mines)
 15926 | Orc:1    | Found a burning altar of Makhleb.
 17054 | D:11     | Found a staircase to the Lair.
 17266 | D:11     | Got a smoking tin ring
 18017 | Lair:1   | Entered Level 1 of the Lair of Beasts
 18353 | Lair:1   | Received a gift from Trog
 18361 | Lair:1   | Reached XP level 13. HP: 82/123 MP: 4/12
 19529 | Lair:2   | Found a frozen archway.
 19600 | IceCv    | Entered an ice cave
 20114 | IceCv    | Reached skill level 15 in Fighting
 20749 | Lair:2   | Received a gift from Trog
 21269 | Lair:2   | Reached skill level 20 in Axes
 22843 | Lair:4   | Found a staircase to the Shoals.
 23935 | Lair:5   | Reached XP level 14. HP: 129/135 MP: 4/13
 24591 | Lair:5   | Gained mutation: You are occasionally teleported next to monsters. [mutagenic meat]
 24617 | Lair:5   | Found a staircase to the Snake Pit.
 25463 | Lair:6   | Received a gift from Trog
 25734 | Lair:6   | Identified the ring of Ziuvyi {Int+4 Dex+5} (You found it on level 11 of the Dungeon)
 25930 | Lair:6   | Reached skill level 15 in Armour
 25991 | Lair:6   | Found a glowing golden altar of the Shining One.
 26006 | Lair:6   | Noticed Nessos
 26016 | Lair:6   | Killed Nessos
 26907 | Lair:7   | Found a staircase to the Slime Pits.
 26929 | Lair:7   | Noticed Josephine
 26938 | Lair:7   | Killed Josephine
 26938 | Lair:7   | Received a gift from Trog
 27593 | Lair:7   | Reached XP level 15. HP: 140/141 MP: 4/14
 28333 | Lair:8   | Entered Level 8 of the Lair of Beasts
 28673 | Lair:8   | Reached skill level 21 in Axes
 29133 | Lair:8   | Received a gift from Trog
 30223 | Lair:8   | Found a burning altar of Makhleb.
 30696 | Lair:8   | Reached skill level 22 in Axes
 30940 | Lair:8   | Found a gateway to Hell.
 31384 | Orc:2    | Bought a potion of curing for 99 gold pieces
 31384 | Orc:2    | Bought a scroll of blinking for 247 gold pieces
 31384 | Orc:2    | Bought a potion of heal wounds for 165 gold pieces
 31386 | Orc:2    | Bought a scroll of identify for 28 gold pieces
 31386 | Orc:2    | Bought a scroll of teleportation for 42 gold pieces
 31618 | Shoals:1 | Entered Level 1 of the Shoals
 32724 | Shoals:1 | Received a gift from Trog
 33071 | Shoals:2 | Noticed Louise
 33073 | Shoals:2 | Reached skill level 23 in Axes
 33084 | Shoals:2 | Reached XP level 16. HP: 145/149 MP: 5/15
 33110 | Shoals:2 | Killed Louise
 33116 | Shoals:2 | HP: 7/149 [water elemental (9)]
 33118 | Shoals:2 | Mangled by a water elemental

Vault maps used:
D:1:      minmay_arrival_four_loops
D:2:      forest_paths, minmay_bisected, uniq_sigmund, uniq_jessica,
          uniq_terence
D:3:      nicolae_overflow_hidden_temple, overflow_temple_1_default,
          ecumenical_altar_1, minmay_misc_feat_encased, uniq_crazy_yiuf_cottage
D:4:      serial_shops, shop, first_bread
D:5:      overflow_temple_1_default, nicolae_overflow_crystal_walls,
          lemuel_crystal_altar
D:6:      grunt_temple_overflow_lords_of_destruction, yredelemnul_altar_generic,
          temple_statues, nicolae_ossuary_entry_giza
D:7:      xom_redecorated, uniq_pikel, uniq_menkaure
D:8:      old_standard_altar, serial_shops, nicolae_shop_waterfront, uniq_grum
D:9:      gammafunk_temple_overflow_forgotten, serial_gnoll_camp,
          gnoll_camp_mini_hut, gnoll_camp_mini_loothouse, gnoll_camp_mini_house,
          gnoll_camp_mini_house, uniq_erolcha
D:10:     zombieorc2_lemuel, serial_shops, nicolae_shop_stone, grunt_ogre_cave,
          uniq_snorg
D:11:     lair_0_dummy
Lair:1:   fungi_pond_lemuel, grunt_megastairs_3
Lair:2:   portal_ice_cave_entry_imps, beast_lair_carwin_7
Lair:3:   serial_bayou_shore_b, lemuel_fruit_fields, lemuel_fruit_fields
Lair:4:   minmay_shoals_entry_beasts
Lair:5:   minmay_snake_entry_spellcaster
Lair:6:   basic_altar, grunt_megastairs_5, lemuel_fruit_fields, uniq_nessos
Lair:7:   minmay_slime_entry_pillars, beast_lair_carwin_10,
          serial_bayou_shore_b, uniq_josephine
Lair:8:   evil_forest, lemuel_fruit_tree
Shoals:1: st_sunken_huts
Shoals:2: uniq_louise
Orc:1:    bloody_makhleb
Orc:2:    st_orc_elflike, mines4_lemuel
Ossuary:  ossuary_zaba_flooded
IceCv:    ice_cave_tombish

Skill      XL: |  1  2  3  4  5  6  7  8  9 10 11 12 13 14 15 |
---------------+----------------------------------------------+-----
Axes           | 4 5 8 9 11 12 14 15 18 19 20 23 | 23.2
Fighting       | 8 9 13 15 | 15.0
Armour         | 3 10 12 17 | 17.0
Dodging        | |  2.1

Action                   |  1- 3 |  4- 6 |  7- 9 | 10-12 | 13-15 | 16-18 || total
-------------------------+-------+-------+-------+-------+-------+-------++-------
Melee: Hand axe          |    60 |   117 |   417 |    24 |       |       ||   618
       Headbutt          |     6 |    26 |   112 |   145 |   269 |     7 ||   565
       Executioner's axe |       |       |       |   684 |   971 |    21 ||  1676
       Mace              |       |       |       |       |    69 |       ||    69
Invok: Berserk           |     1 |     4 |     6 |     7 |     2 |       ||    20
       Burn Spellbooks   |       |       |     1 |       |       |       ||     1
Evoke: Wand              |       |       |       |     1 |       |       ||     1
  Use: Scroll            |       |     4 |     3 |    14 |    15 |     1 ||    37
       Potion            |       |       |     1 |     5 |    11 |     3 ||    20
 Stab: Sleeping          |     1 |       |       |       |       |       ||     1
  Eat: Chunk             |     1 |     9 |     8 |    22 |    33 |       ||    73
       Meat ration       |       |     1 |     1 |     3 |     1 |       ||     6
       Beef jerky        |       |       |     2 |     7 |       |       ||     9
       Pizza             |       |       |     1 |       |       |       ||     1
       Bread ration      |       |       |     1 |     2 |       |       ||     3
       Fruit             |       |       |       |       |    17 |       ||    17
       Royal jelly       |       |       |       |       |     1 |       ||     1
Armor: Animal skin       |    12 |     5 |       |       |       |       ||    17
       Ring mail         |       |    42 |   104 |       |       |       ||   146
       Chain mail        |       |       |     5 |   547 |   295 |       ||   847
       Plate armour      |       |       |       |       |   680 |    26 ||   706
       Skin              |       |       |       |       |    22 |       ||    22
Dodge: Dodged            |    43 |    47 |   144 |   354 |   480 |    12 ||  1080
